 Dungeon Crawl Stone Soup version 0.27.1-34-g3ba077fa99 (webtiles) character file.

Game seed: 1144063644014355223

33849 Arum the Geomancer (level 13, -3/133 HPs)
             Began as a Grey Draconian Conjurer on Jan 13, 2022.
             Was an Elder of Vehumet.
             Slain by a catoblepas (9 damage)
             ... while petrified by Jorgrun
             ... on level 14 of the Dungeon.
             The game lasted 00:49:21 (18201 turns).

Arum the Geomancer (Grey Draconian Conjurer)       Turns: 18201, Time: 00:49:22

Health: -3/133     AC: 26    Str: 11    XL:     13   Next: 39%
Magic:  18/29      EV: -1    Int: 29    God:    Vehumet [****..]
Gold:   1919       SH:  0    Dex:  9    Spells: 8/37 levels left

rFire    . . .     SeeInvis .   i - +3 spear (vorpal)
rCold    . . .     Faith    .   (no shield)
rNeg     + + +     Spirit   .   (armour unavailable)
rPois    ∞         Reflect  .   (helmet currently unavailable)
rElec    .         Harm     .   (cloak currently unavailable)
rCorr    .         Rampage  .   (gloves currently unavailable)
Will     .....     NoTele   +   (boots currently unavailable)
Stlth    ++........             j - amulet of magic regeneration
HPRegen  0.32/turn              r - +6 ring of intelligence
MPRegen  0.46/turn              l - ring of wizardry

@: tree-form, petrified, grasped by roots, hasted, constricted
A: stationary, stasis, torment immunity, boosted hp, AC +13, (amphibious),
unfitting armour, (cold-blooded)
a: Renounce Religion


You were on level 14 of the Dungeon.
You worshipped Vehumet.
Vehumet was greatly pleased with you.
You were a tree.
You visited 2 branches of the dungeon, and saw 15 of its levels.
You also visited: Ice Cave.

You collected 2029 gold pieces.
You spent 110 gold pieces at shops.

Inventory:

Hand Weapons
 i - a +3 vorpal spear (weapon)
 w - a +4 hand axe of freezing
 L - a +0 lajatang
Missiles
 m - 4 throwing nets
 y - 5 javelins
 Q - 5 curare-tipped darts
Armour
 e - a scarf of shadows
 A - a +0 buckler
 E - a +0 cloak (melded)
 J - a +0 pair of boots (melded)
Jewellery
 a - a ring of flight
 f - a ring of fire
 j - an amulet of magic regeneration (around neck)
 l - a ring of wizardry (right branch)
 r - a +6 ring of intelligence (left branch)
 s - a ring of fire
 z - a +6 ring of dexterity
Wands
 p - a wand of polymorph (13)
 t - a wand of flame (36)
 D - a wand of acid (8)
 K - a wand of paralysis (4)
 M - a wand of charming (10)
Scrolls
 b - a scroll of amnesia
 d - a scroll of vulnerability
 g - a scroll of silence
 h - 6 scrolls of teleportation
 k - a scroll of enchant armour
 x - 2 scrolls of enchant weapon
 H - 2 scrolls of fear
 N - a scroll of holy word
 O - a scroll of identify
Potions
 c - 5 potions of curing
 n - 3 potions of mutation
 o - 2 potions of might
 u - 2 potions of lignification
 B - 4 potions of brilliance
 F - 2 potions of berserk rage
 I - a potion of attraction
Miscellaneous
 v - a condenser vane
 G - a piece from Xom's chessboard (15/15)
 P - a tin of tremorstones (2/2)


   Skills:
 - Level 1.0 Fighting
 - Level 1.7 Dodging
 - Level 1.7 Stealth
 - Level 1.0 Unarmed Combat
 * Level 12.8 Spellcasting
 + Level 12.5 Conjurations
 - Level 8.0 Transmutations
 - Level 1.0 Fire Magic
 + Level 13.1 Earth Magic


You had 8 spell levels left.
You knew the following spells:

 Your Spells              Type           Power      Damage    Failure   Level
a - Magic Dart            Conj           100%       1d8       0%          1
b - Searing Ray           Conj           100%       3d7       1%          2
c - Stone Arrow           Conj/Erth      100%       3d13      1%          3
d - Bolt of Magma         Conj/Fire/Erth 31%        4d14      1%          5
e - Lehudib's Crystal Sp  Conj/Erth      37%        10d9      11%         8
f - Statue Form           Tmut/Erth      45%        N/A       2%          6
g - Leda's Liquefaction   Hex/Erth       27%        N/A       1%          4

Your spell library contained the following spells:

 Spells                   Type           Power      Damage    Failure   Level
 Olgreb's Toxic Radiance  Pois           18%        N/A       3%          4
 Conjure Flame            Conj/Fire      55%        6-21      1%          3
 Dazzling Flash           Conj/Hex       100%       N/A       1%          3
 Fulminant Prism          Conj/Hex       26%        3d14      1%          4
 Iskenderun's Mystic Bla  Conj/Tloc      53%        2d11      1%          4
 Blade Hands              Tmut           30%        N/A       1%          5
 Ozocubu's Armour         Ice            18%        N/A       3%          3
 Portal Projectile        Hex/Tloc       36%        N/A       3%          3
 Starburst                Conj/Fire      27%        6d9       3%          6
 Excruciating Wounds      Necr           9%         N/A       30%         5
 Metabolic Englaciation   Hex/Ice        9%         N/A       30%         5
 Simulacrum               Ice/Necr       9%         N/A       83%         6
 Shatter                  Erth           38%        3d30*     71%         9
 Animate Armour           Summ/Erth      Unusable   N/A       N/A         4

Dungeon Overview and Level Annotations

Branches:
Dungeon (14/15)            Temple (1/1) D:6            Lair (0/6) D:10
    Orc (0/2) D:11          IceCv (visited)
 Vaults: D:13-14

Altars:
Ashenzari
Cheibriados
Dithmenos
Elyvilon
Fedhas
Gozag
Hepliaklqana
Kikubaaqudgha
Makhleb
Nemelex Xobeh
Okawaru
Qazlal
Ru
Sif Muna
Trog
Uskayaw
Vehumet
Wu Jian
Xom
Yredelemnul
Zin
The Shining One

Shops:
D:5 *   D:13 (

Annotations:
D:14 Jorgrun


Innate Abilities, Weirdness & Mutations

You are a tree.
Your roots penetrate the ground, keeping you stationary.
You cannot be teleported.
You are immune to unholy pain and torment.
Your maximum health is greatly increased.
You are immune to poison.
Your equipment is partially melded.
((Your dull iron-grey scales are very hard. (AC +13)))
((You are amphibious.))
You cannot fit into any form of body armour.
((You are cold-blooded and may be slowed by cold attacks.))


Message History

The catoblepas breathes a plume of calcifying dust at you.
The blast of calcifying dust hits you but does no damage.
You hear a roar!
You have turned to stone.
You are engulfed in calcifying dust.
The tengu warrior hits you but does no damage.
The tengu warrior pecks you but does no damage.
The tengu warrior claws you but does no damage.
A catoblepas comes into view.
Jorgrun gestures at you while chanting.
Roots burst forth from the earth!
The grasping roots grab you! The grasping roots constrict you.
The catoblepas gores you!
You are engulfed in calcifying dust.
The tengu warrior hits you with a +0 long sword.
The tengu warrior pecks you but does no damage.
The tengu warrior claws you but does no damage.
Jorgrun says, "'tis place shall be yer tomb!"
Jorgrun gestures at you while chanting. The iron shot hits you.
The grasping roots constrict you.
The white very ugly thing trunk-slaps you!!
* * * LOW HITPOINT WARNING * * *
The white very ugly thing freezes you!!
* * * LOW HITPOINT WARNING * * *
The catoblepas gores you but does no damage.
You hear a horrible gurgling sound!
You are engulfed in calcifying dust.
You hear a horrible gurgling sound!
The tengu warrior hits you with a +0 long sword!
* * * LOW HITPOINT WARNING * * *
The tengu warrior pecks you but does no damage.
The tengu warrior completely misses you.
A gargoyle comes into view. It is wielding a +0 dire flail.
Jorgrun casts a spell next to the catoblepas.
Some rock shatters into small pieces.
The grasping roots constrict you!
* * * LOW HITPOINT WARNING * * *
The boulder beetle curls into a ball and begins rolling!
The white very ugly thing basks in the mutagenic energy from its kin and changes!
The catoblepas gores you!!
You die...

.....# ..
###. .....#
... .9.
.....#
..B.#..
#....#
..Y.#..######
....#
...#.[....#
###
y........# .
#gh{....#
....#.uu....#
......Y♣§§..#
..>.#.Q...[.#
... #.......#
## #.......#
#.>.....#
#.......#
#########


You could see Jorgrun, a purple very ugly thing, 2 catoblepae, a boulder beetle
(rolling), a purple ugly thing, a tengu warrior, a hell hound, a vampire
mosquito and a gargoyle.

Vanquished Creatures
  Azrael (D:13)
  Harold (D:11)
  A boulder beetle (D:13)
  A centaur warrior (D:11)
  2 ironbound frosthearts (IceCv)
  A tengu warrior (D:13)
  4 two-headed ogres
  5 death yaks (IceCv)
  Sonja (D:12)
  2 deep elf pyromancers
  3 cyclopes
  2 ugly things
  2 manticores (D:13)
  An ice statue (IceCv)
  Joseph (D:7)
  A gargoyle (D:13)
  A rime drake (IceCv)
  2 komodo dragons
  An efreet (D:12)
  A tengu conjurer (D:13)
  A kobold demonologist (D:13)
  A hornet (D:10)
  13 polar bears (IceCv)
  5 trolls
  2 wraiths
  A wyvern (D:11)
  Eustachio (D:4)
  3 steam dragons
  31 yaks
  3 fire elementals (D:14)
  2 basilisks
  2 vampire mosquitoes (D:14)
  3 wargs (D:10)
  An acid dragon (D:11)
  Edmund (D:6)
  A sky beast (D:6)
  5 orc warriors
  A hornet zombie (D:9)
  A necrophage (D:5)
  4 boggarts (D:14)
  21 wolves (IceCv)
  2 ogres
  4 centaurs
  2 phantoms (D:11)
  4 kobold brigands
  3 bullfrogs (D:8)
  2 wyvern zombies (D:6)
  3 water moccasin skeletons
  10 killer bees (D:9)
  A troll zombie (D:11)
  A bullfrog zombie (D:5)
  9 howler monkeys
  2 centaur zombies (D:8)
  2 hounds
  7 orc priests
  2 bullfrog skeletons
  A jelly (D:7)
  A scorpion zombie (D:3)
  3 iguanas
  13 orc wizards
  7 ogre zombies (D:11)
  A hound skeleton (D:5)
  2 howler monkey zombies
  8 adders
  A shadow imp (D:4)
  2 white imps
  An ufetubus (D:6)
  2 worms
  2 dart slugs
  21 orcs
  8 ball pythons
  5 bats
  6 endoplasms
  6 goblins
  9 hobgoblins
  A frilled lizard (D:1)
  3 goblin zombies (D:11)
  4 hobgoblin zombies (D:11)
  33 kobolds
  An orc skeleton (D:11)
  17 orc zombies (D:11)
  A quokka zombie (D:3)
  3 rats
353 creatures vanquished.

Notes
Turn   | Place    | Note
-------+----------+-------------------------------------------
     0 | D:1      | Arum the Draconian Conjurer began the quest for the Orb.
     0 | D:1      | Reached XP level 1. HP: 14/14 MP: 3/3
   268 | D:1      | Reached XP level 2. HP: 20/20 MP: 0/5
   932 | D:1      | Reached XP level 3. HP: 24/26 MP: 0/7
  1461 | D:2      | Learned a level 2 spell: Searing Ray
  1514 | D:2      | Found a faded altar of an unknown god.
  1661 | D:2      | Found a broken altar of Ashenzari.
  1997 | D:3      | Reached XP level 4. HP: 33/33 MP: 4/8
  2259 | D:3      | Found an ornate altar of the Wu Jian Council.
  2319 | D:3      | Reached skill level 5 in Conjurations
  2819 | D:3      | Found a basalt altar of Yredelemnul.
  2859 | D:4      | Reached XP level 5. HP: 38/38 MP: 4/10
  2898 | D:4      | Learned a level 3 spell: Stone Arrow
  2932 | D:4      | Noticed an ogre
  2940 | D:4      | Killed an ogre
  2988 | D:4      | Noticed Eustachio
  3010 | D:4      | Killed Eustachio
  3011 | D:4      | Reached XP level 6. HP: 20/45 MP: 6/12
  3191 | D:4      | Found a glowing golden altar of the Shining One.
  3655 | D:4      | Reached skill level 1 in Earth Magic
  3718 | D:5      | Entered Level 5 of the Dungeon
  3722 | D:5      | Reached skill level 5 in Spellcasting
  3722 | D:5      | Your scales start taking on a dull iron-grey colour.
  3722 | D:5      | Reached XP level 7. HP: 43/50 MP: 5/14
  3817 | D:5      | Noticed a yak
  3817 | D:5      | Noticed a yak
  3817 | D:5      | Noticed a yak
  3817 | D:5      | Noticed a yak
  3817 | D:5      | Noticed a yak
  3958 | D:5      | Reached skill level 2 in Earth Magic
  4033 | D:5      | Reached skill level 3 in Earth Magic
  4087 | D:5      | Found a white marble altar of Elyvilon.
  4091 | D:5      | Found a stormy altar of Qazlal.
  4091 | D:5      | Found a shadowy altar of Dithmenos.
  4091 | D:5      | Found an opulent altar of Gozag.
  4243 | D:5      | Learned a level 5 spell: Bolt of Magma
  4245 | D:5      | Found Evott's General Store.
  4250 | D:5      | Bought a potion of mutation for 88 gold pieces
  4250 | D:5      | Bought a scroll of identify for 22 gold pieces
  4283 | D:5      | Killed a yak
  4284 | D:5      | Reached skill level 4 in Earth Magic
  4284 | D:5      | Reached XP level 8. HP: 57/57 MP: 9/16
  4496 | D:5      | Identified a scroll of acquirement
  4497 | D:5      | Acquired 983 gold pieces
  4591 | D:5      | Reached skill level 5 in Earth Magic
  4888 | D:6      | Reached skill level 6 in Earth Magic
  5181 | D:6      | Found a staircase to the Ecumenical Temple.
  5187 | Temple   | Entered the Ecumenical Temple
  5722 | D:6      | Reached XP level 9. HP: 62/62 MP: 14/19
  5808 | D:6      | Noticed a troll
  5811 | D:6      | Killed a troll
  5959 | D:6      | Noticed Edmund
  5961 | D:6      | Killed Edmund
  5962 | D:6      | Reached skill level 7 in Earth Magic
  6088 | D:7      | Noticed Joseph
  6102 | D:7      | Killed Joseph
  6103 | D:7      | Reached skill level 1 in Fire Magic
  6383 | D:7      | Noticed a two-headed ogre
  6389 | D:7      | Killed a two-headed ogre
  6390 | D:7      | Reached skill level 8 in Earth Magic
  6834 | D:7      | Reached XP level 10. HP: 69/69 MP: 9/22
  7081 | D:8      | Found a broken altar of Ashenzari.
  7233 | D:8      | Found a sacrificial altar of Ru.
  7233 | D:8      | Found a blossoming altar of Fedhas.
  7297 | D:8      | Found a snail-covered altar of Cheibriados.
  7519 | D:8      | Reached skill level 9 in Earth Magic
  7556 | D:8      | Found a shimmering altar of Xom.
  7602 | D:8      | Noticed a green ugly thing
  7606 | D:8      | Killed a green ugly thing
  7607 | D:8      | Reached skill level 10 in Conjurations
  7630 | D:8      | Found a radiant altar of Vehumet.
  7634 | D:8      | Became a worshipper of Vehumet
  7917 | D:9      | You fall into a shaft and drop 1 floor!
  7917 | D:10     | Entered Level 10 of the Dungeon
  7917 | D:10     | Found a staircase to the Lair.
  8671 | D:9      | Learned a level 8 spell: Lehudib's Crystal Spear
  8695 | D:9      | Reached skill level 10 in Earth Magic
  9087 | D:9      | HP: 3/69 [poisoned by a killer bee]
  9750 | D:9      | Reached * piety under Vehumet
  9750 | D:9      | Offered knowledge of Shock by Vehumet.
 10403 | D:9      | Reached XP level 11. HP: 74/74 MP: 8/24
 10603 | D:10     | Learned a level 6 spell: Statue Form
 10702 | D:10     | Noticed a sea snake
 11447 | D:11     | Reached skill level 1 in Transmutations
 11573 | D:11     | Noticed Harold
 11579 | D:11     | Killed Harold
 11580 | D:11     | Reached skill level 11 in Earth Magic
 11594 | D:11     | Reached skill level 10 in Spellcasting
 11703 | D:11     | Noticed a two-headed ogre
 11709 | D:11     | Killed a two-headed ogre
 11755 | D:11     | Found a frozen archway.
 11798 | IceCv    | Entered an ice cave
 11932 | IceCv    | Offered knowledge of Freeze by Vehumet.
 12364 | IceCv    | Reached ** piety under Vehumet
 12372 | IceCv    | Reached skill level 1 in Fighting
 12374 | IceCv    | Reached skill level 1 in Unarmed Combat
 12749 | IceCv    | Reached skill level 5 in Transmutations
 12879 | IceCv    | Reached XP level 12. HP: 80/83 MP: 22/26
 13115 | IceCv    | Noticed a death yak
 13115 | IceCv    | Noticed a death yak
 13124 | IceCv    | Killed a death yak
 13372 | IceCv    | Noticed a death yak
 13373 | IceCv    | Noticed an ironbound frostheart
 13373 | IceCv    | Noticed a death yak
 13373 | IceCv    | Noticed an ironbound frostheart
 13373 | IceCv    | Noticed a death yak
 13388 | IceCv    | Offered knowledge of Mephitic Cloud by Vehumet.
 13623 | IceCv    | Killed an ironbound frostheart
 13736 | IceCv    | Killed a death yak
 13993 | IceCv    | Killed an ironbound frostheart
 13994 | IceCv    | Reached skill level 12 in Earth Magic
 14155 | IceCv    | Killed a death yak
 14159 | IceCv    | Killed a death yak
 14161 | IceCv    | Killed a death yak
 14232 | IceCv    | Got Sif Muna's Guide on the Scorching Oath
 14475 | D:11     | Reached *** piety under Vehumet
 14548 | D:11     | Offered knowledge of Olgreb's Toxic Radiance by Vehumet.
 15013 | D:11     | Found a staircase to the Orcish Mines.
 15127 | D:11     | Noticed a centaur warrior
 15137 | D:11     | Killed a centaur warrior
 15850 | D:12     | Noticed a two-headed ogre
 15855 | D:12     | Killed a two-headed ogre
 16174 | D:12     | Noticed Sonja
 16179 | D:12     | Killed Sonja
 16414 | D:13     | Reached **** piety under Vehumet
 16415 | D:13     | Reached XP level 13. HP: 65/89 MP: 9/29
 16880 | D:13     | Learned a level 4 spell: Leda's Liquefaction
 16886 | D:13     | Found Biryklau's Weapon Shoppe.
 17650 | D:13     | Reached skill level 13 in Earth Magic
 17862 | D:14     | Noticed Azrael
 17868 | D:13     | Killed Azrael
 18173 | D:14     | Noticed a white very ugly thing
 18194 | D:14     | Noticed Jorgrun
 18201 | D:14     | HP: 6/133 [constriction (7)]
 18201 | D:14     | Slain by a catoblepas

Illustrated notes

Levels and vault maps discovered:
D:1:      dpeg_arrival_tiny_h, layout_basic, serial_glass, glass_columns_a,
          glass_columns_a, glass_columns_b, glass_columns_a, minmay_tetromino_l2
D:2:      layout_basic, ebering_ecumenical_altar_rust, basic_altar
D:3:      layout_basic, lemuel_zombie_altar_yredelemnul,
          mainiacjoe_overflow_alcove_2
D:4:      layout_cave_pools, tso_metal_star, minmay_unequal, uniq_eustachio
D:5:      layout_basic, grunt_temple_overflow_open, serial_shops, shop,
          nrook_mini_vaults
D:6:      layout_basic, minmay_temple_entry_hall, uniq_edmund
D:7:      layout_loops_cross, uniq_joseph
D:8:      layout_rooms, gammafunk_temple_overflow_elements,
          nicolae_ashenzari_skybound, mainiacjoe_overflow_two_lobes,
          nicolae_overflow_hidden_temple
D:9:      layout_gridville
D:10:     layout_loops_cross, erik_lair_orcish_takeover, serial_aquarium,
          aquarium_bridge_island_large [aquarium_subvault_large_water,
          aquarium_subvault_balcony, aquarium_subvault_bridge,
          aquarium_subvault_window, aquarium_subvault_wall],
          aquarium_bridge_square [aquarium_subvault_bridge,
          aquarium_subvault_bridge, aquarium_subvault_window,
          aquarium_subvault_bridge], aquarium_window_corridor_3,
          aquarium_window_2, aquarium_window_1, aquarium_view_2c,
          aquarium_balcony_3b
D:11:     layout_cross, zombieorc2_lemuel, portal_ice_cave_entry_pillars_1,
          small_chamber_with_monster, uniq_harold
D:12:     layout_irregular_city, uniq_sonja
D:13:     layout_stronghold, serial_shops, shop, kennysheep_generic_room_3
D:14:     minmay_bloctagon, layout_rooms, grunt_vaults_entry_tiered,
          enter_trove_0, uniq_jorgrun, uniq_azrael
Temple:   jpeg_temple_island

Skill      XL: |  1  2  3  4  5  6  7  8  9 10 11 12 13 |
---------------+----------------------------------------+-----
Spellcasting   | 3 4 5 7 8 9 10 12 | 12.8
Conjurations   | 5 6 7 8 9 10 11 12 | 12.5
Earth Magic    | 1 4 6 8 10 11 12 13 | 13.1
Fire Magic     | 1 |  1.0
Transmutations | 5 8 |  8.0
Fighting       | 1 |  1.0
Unarmed Combat | 1 |  1.0
Dodging        | |  1.7
Stealth        | |  1.7

Action                   |  1- 3 |  4- 6 |  7- 9 | 10-12 | 13-15 || total
-------------------------+-------+-------+-------+-------+-------++-------
Melee: Unarmed           |    11 |       |       |       |       ||    11
       Tailslap          |     1 |       |     1 |       |       ||     2
       Spear             |       |     2 |    12 |    27 |     7 ||    48
 Cast: Magic Dart        |    77 |    71 |    94 |   279 |     8 ||   529
       Searing Ray       |       |     6 |     2 |    61 |     1 ||    70
       Stone Arrow       |       |    10 |    57 |   146 |    46 ||   259
       Bolt of Magma     |       |       |     3 |    45 |     9 ||    57
       Statue Form       |       |       |       |     9 |     1 ||    10
       Lehudib's Crystal |       |       |       |       |     4 ||     4
Evoke: Wand              |       |       |       |     1 |     7 ||     8
       Piece from Xom's  |       |       |       |     2 |       ||     2
  Use: Scroll            |       |       |    16 |     9 |     2 ||    27
       Potion            |       |       |       |     3 |     4 ||     7
 Stab: Paralysed         |       |       |       |       |     6 ||     6
Armor: Skin              |    12 |     3 |     8 |   159 |    25 ||   207
Dodge: Dodged            |    13 |    18 |    27 |   177 |    16 ||   251
